 Dungeon Crawl Stone Soup version 0.30-a0-1123-gabc949cf19 (webtiles) character file.

Game seed: 3531139959515409835

112 Arzdou the Digger (level 4, 0/33 HPs)
             Began as a Draconian Earth Elementalist on Apr 22, 2023.
             Killed from afar by Dowan (9 damage)
             ... with a puff of flame
             ... on level 5 of the Dungeon.
             The game lasted 00:04:33 (2695 turns).

Arzdou the Digger (Draconian Earth Elementalist)    Turns: 2695, Time: 00:04:33

Health: 0/33       AC:  7    Str: 11    XL:     4   Next: 63%
Magic:  7/9        EV: 12    Int: 17    God:
Gold:   176        SH:  0    Dex: 11    Spells: 6/10 levels left

rFire   . . .        h - +0 short sword
rCold   . . .        (no shield)
rNeg    . . .        (body armour unavailable)
rPois   .            (helmet restricted)
rElec   .            j - scarf {shadows}
rCorr   .            g - +0 pair of gloves
SInv    .            t - +0 pair of boots
Will    .....        (no amulet)
Stlth   +            (no ring)
HPRegen 0.25/turn    (no ring)
MPRegen 0.11/turn

%: no passive effects
@: lit by a corona, glowing
A: AC +5, unfitting armour, cold-blooded
a: no special abilities


You were on level 5 of the Dungeon.
You visited 1 branch of the dungeon, and saw 4 of its levels.

You collected 176 gold pieces.

Inventory:

Hand Weapons
 h - a +0 short sword (weapon)
Armour
 g - a +0 pair of gloves (worn)
 j - a scarf of shadows (worn)
 t - a +0 pair of boots (worn)
Jewellery
 n - an amulet of the acrobat
 o - a ring of magical power
 p - a ring of see invisible
Scrolls
 b - 3 scrolls of teleportation
 c - 3 scrolls of identify {unknown}
 d - a scroll of noise {unknown}
 i - a scroll of fear {unknown}
 m - 2 scrolls of amnesia {unknown}
 q - a scroll of enchant armour {unknown}
 r - a scroll of torment {unknown}
Potions
 a - a potion of magic
 e - a potion of heal wounds {unknown}
 f - a potion of ambrosia {unknown}
 k - a potion of brilliance
 l - a potion of mutation {unknown}
 s - a potion of degeneration {unknown}


   Skills:
 + Level 1.9 Dodging
 + Level 2.3 Stealth
 * Level 3.5 Spellcasting
 + Level 1.0 Transmutations
 * Level 4.0 Earth Magic


You had 6 spell levels left.
You knew the following spells:

 Your Spells              Type           Power      Damage    Failure   Level
a - Sandblast             Erth           32%        2d9       3%          1
b - Stone Arrow           Conj/Erth      18%        3d8       22%         3

Your spell library contained the following spells:

 Spells                   Type           Power      Damage    Failure   Level
 Passwall                 Tmut/Erth      9%         N/A       9%          2
 Slow                     Hex            8%         N/A       17%         1
 Summon Small Mammal      Summ           8%         N/A       17%         1
 Call Canine Familiar     Summ           2%         N/A       45%         3
 Confusing Touch          Hex            2%         N/A       45%         3
 Summon Guardian Golem    Hex/Summ       2%         N/A       45%         3
 Vampiric Draining        Necr           2%         2d6       45%         3
 Petrify                  Tmut/Erth      11%        N/A       52%         4


Dungeon Overview and Level Annotations

Branches:
Dungeon (5/15)
 Temple: D:4-7

Altars:
Xom

Portals:
Ossuary: D:5

Annotations:
D:5 Dowan, Duvessa


Innate Abilities, Weirdness & Mutations

Your plain brown scales are hard. (AC +5)
You cannot fit into any form of body armour.
You are cold-blooded and may be slowed by cold attacks.


Message History

Your surroundings suddenly seem different.
Found a ring mail.
Found a stone staircase leading up.
Found a scroll labelled TOKHOUPSO ETYG.
c - 3 scrolls labelled TOKHOUPSO ETYG (gained 1)
You hear the slow hiss of a very distant avalanche of sand.
Found a glowing white potion and a pair of boots.
s - a glowing white potion You see here a +0 pair of boots.
You start putting on your armour.
You continue putting on your +0 pair of boots. x4
You finish putting on your +0 pair of boots.
Dowan and a gnoll come into view.
Dowan is wielding a +0 dagger and carrying a wand of flame (17).
Dowan drinks a potion.
Dowan's spells are empowered!
Dowan points at you and mumbles some strange words.
You are outlined in light.
Dowan gestures at you while chanting. The puff of flame misses you.
The blast of sand hits Dowan.
Dowan is moderately wounded.
You hear the slow hiss of an avalanche of sand nearby.
Dowan mumbles some strange words.
Dowan blinks!
Unknown command.
The gnoll shouts!
You hear a shout! x2
Duvessa, Sister of Dowan comes into view.
She is wielding a +0 rapier.
The blast of sand hits the gnoll!
The gnoll is almost dead.
The blast of sand hits the gnoll!
You kill the gnoll!
Dowan zaps a wand.
The puff of flame hits you!
Dowan points at you and mumbles some strange words.
The puff of frost hits you!!
Ouch! That really hurt!
* * * LOW HITPOINT WARNING * * *
Dowan zaps a wand.
The puff of flame misses you. Dowan casts a spell at you.
The puff of flame hits you!
You die...

#.#####.#########
#. #.# .< #.# ###
#.# #.# #.# #.#
####.#####
#......@.#
#.##.###.# #
##.###.####
..........#
.##.##)##.# ..
#.##.# # .. ...e.
##.. .. #.## .?


You could see Dowan (empowered).

Vanquished Creatures
  A hound skeleton (D:3)
  A mummy (D:5)
  A gnoll (D:5)
  2 adders (D:3)
  An adder skeleton (D:3)
  A dart slug (D:1)
  3 ball pythons
  6 endoplasms
  7 giant cockroaches
  3 goblins
  6 hobgoblins
  2 jackals (D:1)
  5 kobolds
  A quokka (D:2)
  5 bats
  2 frilled lizards
  2 rats (D:1)
49 creatures vanquished.

Vanquished Creatures (others)
  4 withered plants (D:3)
4 creatures vanquished.

Grand Total: 53 creatures vanquished

Notes
Turn   | Place    | Note
-------+----------+-------------------------------------------
     0 | D:1      | Arzdou the Draconian Earth Elementalist began the quest for
                  | the Orb.
     0 | D:1      | Reached XP level 1. HP: 14/14 MP: 3/3
   152 | D:1      | Reached XP level 2. HP: 20/20 MP: 3/5
   834 | D:1      | Reached XP level 3. HP: 26/26 MP: 4/6
  2206 | D:3      | Learned a level 3 spell: Stone Arrow
  2258 | D:3      | Found a shimmering altar of Xom.
  2333 | D:3      | Reached skill level 4 in Earth Magic
  2333 | D:3      | Reached XP level 4. HP: 33/33 MP: 5/8
  2514 | D:3      | Found a faded altar of an unknown god.
  2536 | D:3      | You fall into a shaft and drop 2 floors!
  2536 | D:5      | Entered Level 5 of the Dungeon
  2565 | D:5      | Found a sand-covered staircase.
  2680 | D:5      | Noticed Dowan
  2687 | D:5      | Noticed Duvessa
  2695 | D:5      | Killed from afar by Dowan

Illustrated notes

Levels and vault maps discovered:
D:1:      heliophobic_arrival_battle_scene, layout_loops_corners
D:2:      layout_basic, serial_aquarium, aquarium_bridge_square
          [aquarium_subvault_bridge, aquarium_subvault_bridge,
          aquarium_subvault_bridge, aquarium_subvault_bridge],
          aquarium_window_2, aquarium_window_1, aquarium_window_fake,
          aquarium_window_1, aquarium_view_2a, aquarium_view_2b
D:3:      layout_basic, overflow_temple_1_default, serial_undead,
          serial_undead_c, serial_undead_c, serial_undead_d, serial_undead_e,
          serial_undead_b, serial_undead_f, serial_undead_d,
          basic_ecumenical_altar, uniq_jessica, uniq_ijyb
D:5:      layout_loops_ring, gup_ossuary_entry_pyramid, uniq_duvessa,
          uniq_blork_the_orc

Skill      XL: |  1  2  3  4 |
---------------+-------------+-----
Stealth        | 2 |  2.3
Earth Magic    | 4 |  4.0
Spellcasting   | 3 |  3.5
Dodging        | |  1.9
Transmutations | |  1.0

Action                     |  1- 3 |  4- 6 || total
---------------------------+-------+-------++-------
  Melee: Unarmed           |    27 |       ||    27
         Tailslap          |     8 |       ||     8
         Short sword       |     7 |       ||     7
   Cast: Sandblast         |    53 |    12 ||    65
    Use: Scroll            |       |     1 ||     1
 Armour: Skin              |    19 |     1 ||    20
  Dodge: Dodged            |    32 |     3 ||    35

Table legend: (Time is in decaauts)
 A = Elapsed time spent in this place.
 B = Non-inter-level travel time spent in this place.
 C = Inter-level travel time spent in this place.
 D = Time resting spent in this place.
 E = Time spent auto-exploring this place.
 F = Levels seen in this place.
 G = Mean time per level.
                   A        B        C        D        E       F      G
               +--------+--------+--------+--------+--------+-----+--------+
         Total |   2727 |   2511 |    216 |      0 |   2104 |   4 |  681.8 |
       Dungeon |   2727 |   2511 |    216 |      0 |   2104 |   4 |  681.8 |
               +--------+--------+--------+--------+--------+-----+--------+

Top non-repeatable levels by time:
     D:1: 1410 daAuts
     D:2: 779 daAuts
     D:3: 376 daAuts
     D:5: 161 daAuts
